 Dungeon Crawl Stone Soup version 0.31-a0-698-g4a7cf283bb (webtiles) character file.

Game seed: 14466067600802779469

95 qw the Shooter (level 4, 0/28 HPs)
             Began as a Gargoyle Hunter on Sept 7, 2023.
             Slain by Sigmund
             ... wielding a +0 scythe
              (4 damage)
             ... on level 3 of the Dungeon.
             The game lasted 00:00:41 (1654 turns).

qw the Shooter (Gargoyle Hunter)                    Turns: 1654, Time: 00:00:42

Health: 0/28       AC:  9    Str: 14    XL:     4   Next: 65%
Magic:  4/4        EV: 11    Int: 10    God:
Gold:   126        SH:  0    Dex: 15    Spells: 3/3 levels left

rFire   . . .        Y - +0 shortbow
rCold   . . .        (shield currently unavailable)
rNeg    + . .        e - +0 ring mail
rPois   inf          (no helmet)
rElec   +            (no cloak)
rCorr   .            (no gloves)
SInv    .            g - +0 pair of boots
Will    .....        (no amulet)
Stlth   +            (no ring)
HPRegen 0.24/turn    (no ring)
MPRegen 0.09/turn

%: no passive effects
@: no status effects
A: sickness immunity, AC +3, negative energy resistance 1, electricity
resistance, torment resistance 1, petrification resistance
a: no special abilities


You were on level 3 of the Dungeon.
You visited 1 branch of the dungeon, and saw 3 of its levels.

You collected 126 gold pieces.


Innate Abilities, Weirdness & Mutations

You are immune to sickness and miasma.
Your stone body is resilient. (AC +3)
You are immune to poison.
You resist negative energy. (rN+)
You are resistant to electric shocks. (rElec)
You are resistant to unholy torment.
You are immune to petrification.


   Skills:
 - Level 3.0 Fighting
 + Level 5.3 Ranged Weapons
 - Level 1.3 Armour
 - Level 1.5 Dodging
 - Level 1.1 Stealth


You had 3 spell levels left.
You didn't know any spells.
Your spell library was empty.

Inventory:

Hand Weapons
 Y - a +0 shortbow (weapon)
Armour
 e - a +0 ring mail (worn)
 g - a +0 pair of boots (worn)
Potions
 a - a potion of curing {unknown}
 b - a potion of might {unknown}
 d - a potion of degeneration {unknown}
 f - a potion of enlightenment
 j - 2 potions of heal wounds

Dungeon Overview and Level Annotations

Branches:
Dungeon (3/15)

Altars:

Annotations:
D:2 1 runed translucent door, Crazy Yiuf
D:3 Sigmund


Message History

Found a leather armour.
Sigmund shouts!
You hear an angry hiss.
An adder comes into view.
Sigmund closely misses you.
You shoot an arrow.
The arrow hits Sigmund but does no damage.
You shoot an arrow. The arrow hits Sigmund!
Sigmund is moderately wounded.
Sigmund whispers, "You'll know eternity soon."
Sigmund closely misses you.
You shoot an arrow. The arrow hits the adder!
The adder is almost dead.
The adder closely misses you.
Sigmund hits you from afar with a +0 scythe.
The adder barely misses you.
You shoot an arrow. The arrow misses the adder.
The adder barely misses you.
Sigmund hits you from afar with a +0 scythe!
You shoot an arrow. The arrow closely misses the adder.
The adder bites you but does no damage. The adder bites you.
Sigmund casts a spell.
Sigmund flickers and vanishes!
Deactivating autopickup; reactivate with Ctrl-A.
You shoot an arrow. The arrow hits the adder!
You kill the adder!
Something hits you!
Your Armour skill increases to level 1!
You shoot an arrow. Something hits you.
You shoot an arrow. Something hits you but does no damage.
You shoot an arrow. You shoot an arrow. Something completely misses you.
You shoot an arrow.
You hear some strange, mumbled words.
Something tries to affect you, but you resist.
You shoot an arrow. Something hits you.
You die...

#####
:.#..
#.#.#
#.#.#
#.#.#
###.#.#
#.%@..#
#...{#.#<#
#... #...#
#.. ##..#
#. #.## #
#.# ...
##.. #...


There were no monsters in sight!

Vanquished Creatures
  4 adders
  4 endoplasms
  A giant cockroach (D:2)
  6 goblins
  5 hobgoblins
  10 jackals (D:2)
  3 kobolds (D:1)
  A quokka (D:2)
  7 ball pythons
  6 bats
  A frilled lizard (D:1)
  6 rats
54 creatures vanquished.

Notes
Turn   | Place    | Note
-------+----------+-------------------------------------------
     0 | D:1      | qw the Gargoyle Hunter began the quest for the Orb.
     0 | D:1      | Reached XP level 1. HP: 12/12 MP: 1/1
     0 | D:1      | 0 ||| qw: Version: 0.3-a-76-g4403597
     0 | D:1      | 0 ||| qw: Game counter: 376
     0 | D:1      | 0 ||| qw: Melee chars always use a shield: true
     0 | D:1      | 0 ||| qw: God list: Okawaru
     0 | D:1      | 0 ||| qw: Allow faded altars: false
     0 | D:1      | 0 ||| qw: Do Orc after clearing Dungeon:15 true
     0 | D:1      | 0 ||| qw: Do second Lair branch before Depths: true
     0 | D:1      | 0 ||| qw: Lair rune preference: random
     0 | D:1      | 0 ||| qw: Goals: Normal
     0 | D:1      | 0 ||| PLANNING D:1-11
   139 | D:1      | Found a faded altar of an unknown god.
   171 | D:1      | Reached XP level 2. HP: 17/17 MP: 2/2
   335 | D:1      | You fall into a shaft and drop 1 floor!
   338 | D:2      | 338 ||| UPGRADING to +0 pair of boots.
   343 | D:2      | 343 ||| DROPPING amulet of magic regeneration.
   344 | D:2      | 344 ||| READING scroll labelled OLEDOI PUVVUK.
   345 | D:2      | 345 ||| DRINKING 2 brown potions.
   346 | D:2      | 346 ||| DRINKING 2 emerald potions.
   347 | D:2      | 347 ||| DROPPING scroll of butterflies.
   348 | D:2      | 348 ||| FLEEEEING.
   349 | D:2      | 349 ||| FLEEEEING.
   350 | D:2      | 350 ||| STAIRDANCE
   674 | D:1      | 674 ||| READING scroll labelled CEN DESYUZAOTH.
   701 | D:2      | Found a runed translucent door.
   702 | D:2      | Noticed Crazy Yiuf
   765 | D:2      | Reached XP level 3. HP: 21/21 MP: 3/3
   894 | D:2      | Reached skill level 5 in Ranged Weapons
   974 | D:2      | Reached skill level 3 in Fighting
  1111 | D:2      | Reached XP level 4. HP: 28/28 MP: 4/4
  1494 | D:2      | 1494 ||| UPGRADING to +0 ring mail.
  1504 | D:2      | 1504 ||| DROPPING +0 leather armour.
  1505 | D:2      | 1505 ||| READING scroll labelled WIG RAESIE.
  1506 | D:2      | 1506 ||| DRINKING 4 pink potions.
  1540 | D:2      | 1540 ||| DROPPING 3 potions of lignification.
  1642 | D:3      | Noticed Sigmund
  1648 | D:3      | HP: 7/28 [something (8)]
  1649 | D:3      | Reached skill level 1 in Armour
  1649 | D:3      | HP: 2/28 [something (5)]
  1654 | D:3      | Slain by Sigmund

Levels and vault maps discovered:
D:1:      amcnicky_arrival_flooded_fountain, layout_loops_ring,
          ebering_ecumenical_altar_webs, chequers_serial_rivers_micro_c
D:2:      layout_loops_ring, minmay_cut_off, uniq_crazy_yiuf_cottage
D:3:      layout_rooms, nicolae_sif_muna_little_library, trog_wizard,
          nicolae_twisty_statue_hallways, uniq_robin, uniq_ijyb, uniq_sigmund

Skill      XL: |  1  2  3  4 |
---------------+-------------+-----
Ranged Weapons | 5 |  5.3
Fighting       | 3 |  3.0
Armour         | 1 |  1.3
Dodging        | |  1.5
Stealth        | |  1.1

Action                     |  1- 3 |  4- 6 || total
---------------------------+-------+-------++-------
   Fire: Shortbow          |   127 |    41 ||   168
    Use: Scroll            |     2 |     1 ||     3
         Potion            |     2 |     1 ||     3
 Armour: Leather armour    |    86 |       ||    86
         Ring mail         |       |     9 ||     9
  Dodge: Dodged            |    59 |     9 ||    68

Table legend:
 A = Non-vault XP
 B = Vault XP
 C = Vault XP percentage of total XP
 D = Non-vault monster count
 E = Vault monster count
 F = Vault count percentage of total count
                 A         B        C        D         E       F
            +---------+---------+-------+---------+---------+-------
      Total |     132 |       4 |   2.9 |      51 |       3 |   5.6
            +---------+---------+-------+---------+---------+-------
        D:1 |      28 |       0 |   0.0 |      18 |       0 |   0.0
        D:2 |      91 |       4 |   4.2 |      32 |       3 |   8.6
        D:3 |      13 |       0 |   0.0 |       1 |       0 |   0.0
            +---------+---------+-------+---------+---------+-------
